 Dungeon Crawl Stone Soup version 0.31-a0-221-gbddc013574 (webtiles) character file.

Game seed: 12386738613339947551

32 qw the Shooter (level 3, -1/29 HPs)
             Began as a Minotaur Hexslinger on July 3, 2023.
             Slain by a goblin
             ... wielding a +0 dagger
             ... led by Robin
              (2 damage)
             ... on level 2 of the Dungeon.
             The game lasted 00:00:19 (660 turns).

qw the Shooter (Minotaur Hexslinger)                 Turns: 660, Time: 00:00:19

Health: -1/29      AC:  3    Str: 16    XL:     3   Next: 8%
Magic:  3/3        EV: 12    Int:  9    God:
Gold:   46         SH:  0    Dex: 13    Spells: 3/4 levels left

rFire   . . .        Y - +1 sling
rCold   . . .        (no shield)
rNeg    . . .        c - +0 robe
rPois   .            (helmet restricted)
rElec   .            d - +0 cloak
rCorr   .            (no gloves)
SInv    .            (no boots)
Will    .....        (no amulet)
Stlth   +            (no ring)
HPRegen 0.24/turn    (no ring)
MPRegen 0.08/turn

%: no passive effects
@: no status effects
A: horns 2, retaliatory headbutt, strong 1, subdued magic 1
a: no special abilities


You were on level 2 of the Dungeon.
You visited 1 branch of the dungeon, and saw 2 of its levels.

You collected 46 gold pieces.


Innate Abilities, Weirdness & Mutations

You have a pair of horns on your head.
You reflexively headbutt those who attack you in melee.
Your muscles are strong. (Str +4, Int/Dex -1)
Your spells are a little easier to cast, but a little less powerful.


   Skills:
 - Level 2.0 Fighting
 + Level 3.6 Ranged Weapons
 - Level 2.1 Dodging
 - Level 1.0 Spellcasting
 - Level 2.0 Hexes


You had 3 spell levels left.
You knew the following spells:

 Your Spells              Type           Power      Damage    Failure   Level
a - Slow                  Hex            12%        N/A       13%         1

Your spell library contained the following spells:

 Spells                   Type           Power      Damage    Failure   Level
 Inner Flame              Hex/Fire       1%         N/A       54%         3
 Portal Projectile        Hex/Tloc       2%         N/A       54%         3
 Cause Fear               Hex            1%         N/A       82%         4

Inventory:

Hand Weapons
 Y - a +1 sling (weapon)
Armour
 c - a +0 robe (worn)
 d - a +0 cloak (worn)
Scrolls
 a - a scroll of teleportation {unknown}
Potions
 f - a potion of attraction {unknown}
 h - 2 potions of haste {unknown}
 i - a potion of heal wounds {unknown}
 k - a potion of mutation

Dungeon Overview and Level Annotations

Branches:
Dungeon (2/15)

Altars:

Annotations:
D:2 Robin


Message History

The quokka closely misses you.
You shoot a sling bullet.
The sling bullet barely misses the quokka.
The sling bullet barely misses the hobgoblin.
You hear a shout!
The quokka barely misses you. The quokka bites you.
You shoot a sling bullet. The sling bullet hits the quokka.
The quokka is almost dead.
A goblin comes into view. It is wielding a +0 club.
The quokka bites you.
You shoot a sling bullet.
The sling bullet closely misses the quokka.
The sling bullet hits the hobgoblin.
The hobgoblin is severely wounded.
Robin throws the goblin at you! The quokka bites you.
The goblin barely misses you. The quokka misses you. You furiously retaliate!
You headbutt the quokka!
You kill the quokka!
You shoot a sling bullet.
The sling bullet barely misses the goblin.
You hear a shout!
The goblin hits you but does no damage.
A goblin comes into view. It is wielding a +0 club.
You shoot a sling bullet. The sling bullet hits the hobgoblin.
The hobgoblin is severely wounded.
The hobgoblin hits you but does no damage.
The goblin hits you with a +0 dagger.
You shoot a sling bullet. The sling bullet hits the hobgoblin!
You kill the hobgoblin!
Robin throws the goblin at you! The goblin hits you with a +0 dagger.
The goblin hits you with a +0 club.
You shoot a sling bullet.
The sling bullet closely misses the goblin.
The sling bullet hits the hobgoblin.
You kill the hobgoblin!
The goblin hits you with a +0 dagger. The goblin hits you but does no damage.
Robin hits you from afar with a +6 spear of freezing.
Robin freezes you. The goblin hits you with a +0 club.
The goblin hits you with a +0 dagger.
You die...

#####........#
...........#.#
.......
...........#.#
.......
...........#.#
......<
...........#.#
...(...
######'##%##.#
....... #.##.##.#
.......
#.##.##.#####g......
#....##...g@ggg.....
#############gg.....
)...... .......
g...... .......
.g..... gg#####


You could see Robin, a hobgoblin (strong) and 5 goblins.

Vanquished Creatures
  A ball python (D:1)
  A bat (D:2)
  3 endoplasms
  A giant cockroach (D:1)
  7 goblins
  6 hobgoblins
  2 jackals (D:1)
  A quokka (D:2)
  A kobold (D:1)
  3 rats (D:1)
26 creatures vanquished.

Notes
Turn   | Place    | Note
-------+----------+-------------------------------------------
     0 | D:1      | qw the Minotaur Hexslinger began the quest for the Orb.
     0 | D:1      | Reached XP level 1. HP: 16/16 MP: 1/1
     0 | D:1      | 0 ||| qw: Version: 0.3-a-40-ge99b1a8
     0 | D:1      | 0 ||| qw: Game counter: 554
     0 | D:1      | 0 ||| qw: Melee chars always use a shield: true
     0 | D:1      | 0 ||| qw: God list: Okawaru
     0 | D:1      | 0 ||| qw: Allow faded altars: false
     0 | D:1      | 0 ||| qw: Do Orc after clearing Dungeon:15 true
     0 | D:1      | 0 ||| qw: Do second Lair branch before Depths: true
     0 | D:1      | 0 ||| qw: Lair rune preference: random
     0 | D:1      | 0 ||| qw: Goals: Normal
     0 | D:1      | 0 ||| PLANNING D:1-11
   212 | D:1      | 212 ||| FLEEEEING.
   213 | D:1      | 213 ||| FLEEEEING.
   214 | D:1      | 214 ||| FLEEEEING.
   215 | D:1      | 215 ||| FLEEEEING.
   221 | D:1      | Reached skill level 3 in Ranged Weapons
   221 | D:1      | Reached XP level 2. HP: 17/23 MP: 2/2
   221 | D:1      | 221 ||| FLEEEEING.
   222 | D:1      | 222 ||| FLEEEEING.
   223 | D:1      | 223 ||| FLEEEEING.
   224 | D:1      | 224 ||| FLEEEEING.
   225 | D:1      | 225 ||| FLEEEEING.
   229 | D:1      | 229 ||| FLEEEEING.
   230 | D:1      | 230 ||| FLEEEEING.
   231 | D:1      | 231 ||| FLEEEEING.
   232 | D:1      | 232 ||| FLEEEEING.
   233 | D:1      | 233 ||| FLEEEEING.
   234 | D:1      | 234 ||| FLEEEEING.
   568 | D:1      | 568 ||| UPGRADING to +0 cloak.
   573 | D:1      | 573 ||| READING scroll labelled LUATOM QEWIA.
   574 | D:1      | 574 ||| READING scroll labelled DAKHLU BAUDO.
   575 | D:1      | 575 ||| READING scroll labelled PEEWNO GAUTT.
   576 | D:1      | 576 ||| DRINKING 2 green potions.
   576 | D:1      | Gained mutation: Your spells are a little easier to cast,
                  | but a little less powerful. [potion of mutation]
   576 | D:1      | Gained mutation: Your muscles are strong. (Str +4, Int/Dex
                  | -1) [potion of mutation]
   577 | D:1      | 577 ||| DROPPING scroll of poison.
   644 | D:2      | Noticed Robin
   645 | D:2      | 645 ||| Stepping ~*~*~tactically~*~*~ (outnumbered).
   650 | D:2      | Reached XP level 3. HP: 26/29 MP: 3/3
   660 | D:2      | HP: 5/29 [Robin/+6 spear of freezing (3)]
   660 | D:2      | HP: 1/29 [goblin/+0 club[Robin] (3)]
   660 | D:2      | Slain by a goblin

Levels and vault maps discovered:
D:1:      erik_arrival_cave_to_civilisation [erik_arrival_cave_to_hall],
          layout_basic, minmay_misc_feat_chi
D:2:      layout_basic, minmay_rat_gold_closets, uniq_robin, uniq_natasha

Skill      XL: |  1  2 |
---------------+-------+-----
Ranged Weapons | 3 |  3.6
Fighting       | 2 |  2.0
Dodging        | |  2.1
Spellcasting   | |  1.0
Hexes          | |  2.0

Action                     || total
---------------------------++-------
   Fire: Sling             ||    59
    Use: Scroll            ||     3
         Potion            ||     1
 Armour: Robe              ||     4
  Dodge: Dodged            ||    15

Table legend:
 A = Non-vault XP
 B = Vault XP
 C = Vault XP percentage of total XP
 D = Non-vault monster count
 E = Vault monster count
 F = Vault count percentage of total count
                 A         B        C        D         E       F
            +---------+---------+-------+---------+---------+-------
      Total |      35 |      13 |  27.1 |      19 |       7 |  26.9
            +---------+---------+-------+---------+---------+-------
        D:1 |      27 |       3 |  10.0 |      15 |       2 |  11.8
        D:2 |       8 |      10 |  55.6 |       4 |       5 |  55.6
            +---------+---------+-------+---------+---------+-------
